[Event "Early-Titled-Tuesday-Blitz-March-05-2024"]
[Site "Chess.com"]
[Date "2024.03.05"]
[Round "1"]
[White "Semetey"]
[Black "RamyresCoelho"]
[Result "1-0"]
[WhiteElo "2596"]
[BlackElo "2267"]
[TimeControl "180+1"]
[EndTime "8:07:29 PST"]
[Termination "Semetey won on time"]

1. e4 c5 2. Nc3 e6 3. g3 d6 4. Bg2 Nf6 5. Nge2 Be7 6. O-O O-O 7. d4 cxd4 8. Nxd4 a6 9. a4 Qc7 10. Be3 Nc6 11. Nxc6 bxc6 12. f4 Rb8 13. b3 e5 14.
h3 d5 15. exd5 cxd5 16. Nxd5 Nxd5 17. Qxd5 Qxc2 18. Qxe5 Bf6 19. Qxb8 Bxa1 20. Rxa1 Bxh3 21. Qb7 Qc3 22. Bxh3 Qxa1+ 23. Kh2 Qb2+ 24. Bg2 h5 25. Qd5 h4 26. gxh4 Qf6 27. Kg3 Rd8 28. Qg5 Qxg5+ 29. hxg5 Rd3 30. Kf2 Rxb3 31. a5 Rb2+ 32. Kf3 Rb3 33.
Ke2 Rb2+ 34. Bd2 g6 35. Be4 Kf8 36. Bd3 Rb7 37. Bxa6 Re7+ 38. Be3 Re6 39. Bd3 f6 40. a6 fxg5 41. fxg5 Re8 42. a7 Ke7 43. Bxg6 Rg8 44. Be4 Rh8 45. a8=Q Rh2+ 46. Bg2 Rh8 47. Qxh8 1-0

[Event "Early-Titled-Tuesday-Blitz-March-05-2024"]
[Site "Chess.com"]
[Date "2024.03.05"]
[Round "1"]
[White "xamax2000"]
[Black "banane_verte"]
[Result "1-0"]
[WhiteElo "2949"]
[BlackElo "2504"]
[TimeControl "180+1"]
[EndTime "8:07:32 PST"]
[Termination "xamax2000 won by resignation"]

1. Nf3 d5 2. g3 g6 3. Bg2 Bg7 4. d4 Nf6 5. c4 dxc4 6. Na3 c5 7. O-O cxd4 8. Qxd4 O-O 9. Nxc4 Nc6 10. Qh4 Qd5 11. Nfe5 Qb5 12. Nxc6 bxc6 13. Bd2 Ba6 14. b3 Rad8 15.
Rac1 Qh5 16. Qxh5 Nxh5 17. Be3 Bd4 18. Bf3 Bxc4 19. Rxc4 Bxe3 20. fxe3 Nf6 21. Rxc6 Rd7 22. Rfc1 Rfd8 23. Kf2 Nd5 24. Rc8 Rxc8 25. Rxc8+ Kg7 26. Rc5 Nb4 27. a3 Na6 28. Ra5 Nb8 29. h4 h5 30.
b4 Rc7 31. Rb5 Nd7 32. a4 Kf6 33. a5 Ne5 34. Rb8 Rc2 35. Rb7 Rb2 36. b5 Nd3+ 37.
Kf1 Rb1+ 38. Kg2 Ne1+ 39. Kf2 Nxf3 40. exf3 Rb2+ 41. Ke1 Ke6 42. a6 Kd6 43. Kd1 f5 44.
Kc1 Rb4 45. Kc2 Kc5 46. Rxa7 Rxb5 47. Rxe7 Kd6 48. Rg7 Ke5 49. Rxg6 Ra5 50. Kb3 Ra1 51. Kb4 Re1 52. a7 Ra1 53. Rg7 Rb1+ 54. Kc5 Rc1+ 55.
Kb6 Rb1+ 56. Kc7 Ra1 57. Kb8 Ra3 58. a8=Q 1-0

[Event "Early-Titled-Tuesday-Blitz-March-05-2024"]
[Site "Chess.com"]
[Date "2024.03.05"]
[Round "1"]
[White "HajiyevKanan"]
[Black "tarno17"]
[Result "1-0"]
[WhiteElo "2544"]
[BlackElo "2144"]
[TimeControl "180+1"]
[EndTime "8:07:32 PST"]
[Termination "HajiyevKanan won by checkmate"]

1. d4 d5 2. c4 e6 3. cxd5 exd5 4. Nc3 Nf6 5. Qc2 Be7 6. Bf4 c6 7. e3 O-O 8. Bd3 b6 9. Nf3 Bb7 10. O-O c5 11. Rfd1 Nc6 12. a3 cxd4 13. exd4 Na5 14. Ne5 h6 15. Rac1 Nh5 16. Be3 Rc8 17. Bf5 Rc7 18. Qe2 Nf6 19. Bf4 Bd6 20. Bd3 Nb3 21.
Bxh6 gxh6 22. Qe3 Kg7 23. Qg3+ Kh8 24. Qf4 Ng8 25. Qf5 f6 26. Ng6+ Kg7 27. Nf4 Kh8 28. Ne6 Qd7 29. Nxc7 Qxf5 30. Bxf5 Nxc1 31. N7b5 Bf4 32.
g3 Ne7 33. Bc2 Bb8 34. Rxc1 a6 35. Re1 Nf5 36. Bxf5 axb5 37. Re7 Bc6 38. Rh7+ Kg8 39. Rxh6 Rf7 40. Be6 Kg7 41. Bxf7 Kxh6 42. Bxd5 Bd7 43. b4 Bd6 44. Be4 f5 45. Bd3 Kg5 46. Bxb5 Be6 47.
f4+ Kg4 48. Kg2 Bb3 49. Be2# 1-0

[Event "Early-Titled-Tuesday-Blitz-March-05-2024"]
[Site "Chess.com"]
[Date "2024.03.05"]
[Round "1"]
[White "JG-17"]
[Black "MatthewG-p4p"]
[Result "0-1"]
[WhiteElo "2479"]
[BlackElo "2895"]
[TimeControl "180+1"]
[EndTime "8:07:33 PST"]
[Termination "MatthewG-p4p won by checkmate"]

1. e4 e6 2. d4 d5 3. exd5 exd5 4. Bd3 c5 5. Nf3 Nf6 6. O-O Nc6 7. Re1+ Be7 8. dxc5 O-O 9. Nbd2 Bxc5 10. Nb3 Bb6 11. Be3 Bc7 12. Nbd4 Re8 13. c3 Bg4 14. h3 Bh5 15. Qc2 Ne4 16. Nxc6 bxc6 17. Nd4 Qd6 18.
f4 Bg6 19. g4 f6 20. Rad1 h5 21. f5 Bf7 22. Qg2 hxg4 23. hxg4 Rab8 24. c4 Bb6 25. Ne6 Bxe6 26. Bxb6 axb6 27. fxe6 Qxe6 28. cxd5 cxd5 29. b3 b5 30. Re3 Qb6 31. Re1 Ng5 32. Qf2 Nh3+ 33.
Rxh3 Rxe1+ 34. Kg2 Qxf2+ 35. Kxf2 Ra1 36. Bf5 Kf7 37.
Re3 Rxa2+ 38. Kf3 Rd8 39. Rc3 Ra7 40. Bd3 b4 41. Rc5 Re7 42. Rb5 d4 43. Kf4 g5+ 44. Kf5 Kg7 45. Bc4 Rde8 46. Rb6 Re5# 0-1

[Event "Early-Titled-Tuesday-Blitz-March-05-2024"]
[Site "Chess.com"]
[Date "2024.03.05"]
[Round "1"]
[White "Igor_Lysyj"]
[Black "KanalSzachowy"]
[Result "1-0"]
[WhiteElo "2846"]
[BlackElo "2462"]
[TimeControl "180+1"]
[EndTime "8:07:33 PST"]
[Termination "Igor_Lysyj won by checkmate"]

1. d4 Nf6 2. c4 e6 3. Nf3 Bb4+ 4. Bd2 Qe7 5. g3 Bxd2+ 6. Qxd2 Nc6 7. a3 d5 8. Bg2 O-O 9. O-O dxc4 10. Qc3 e5 11.
dxe5 Ng4 12. Qxc4 Ngxe5 13. Nxe5 Nxe5 14. Qc3 c6 15. Nd2 Bf5 16. e4 Bg6 17. f4 Nd7 18.
Rfe1 h6 19. Nb3 a5 20. Rad1 a4 21. Nd4 Qc5 22. Qe3 Qb6 23. Qf2 Nc5 24. f5 Bh7 25.
f6 g5 26. e5 Nd3 27. Rxd3 Bxd3 28. Be4 Rad8 29. Nf5 Qxf2+ 30. Kxf2 Bxe4 31. Rxe4 Kh7 32. Nd6 b5 33. Ke3 Kg6 34. Kd4 Rd7 35. Kc5 Rb8 36.
Kxc6 Rdd8 37. g4 h5 38. gxh5+ Kxh5 39. Nxf7 Rdc8+ 40. Kd5 Rc2 41. e6 Kg6 42. Ne5+ Kh5 43. e7 g4 44. f7 g3 45. hxg3 Rd2+ 46. Ke6 Rb6+ 47. Kf5 Rf2+ 48. Rf4 Rf6+ 49. Kxf6 Rxf4+ 50. gxf4 b4 51. f8=Q bxa3 52. Qh8# 1-0

[Event "Early-Titled-Tuesday-Blitz-March-05-2024"]
[Site "Chess.com"]
[Date "2024.03.05"]
[Round "1"]
[White "EvgenyBurmakin"]
[Black "Mikhail_Golubev"]
[Result "0-1"]
[WhiteElo "2351"]
[BlackElo "2646"]
[TimeControl "180+1"]
[EndTime "8:07:33 PST"]
[Termination "Mikhail_Golubev won by resignation"]

1. e4 c5 2. Nc3 d6 3. Nf3 Nf6 4. d4 cxd4 5. Nxd4 Nc6 6. Be3 Ng4 7. Qd2 Nxe3 8. Qxe3 g6 9. Bc4 Bg7 10. Nxc6 bxc6 11.
O-O Qb6 12. Qxb6 axb6 13. a4 O-O 14. Rfd1 Ra5 15. Rd3 Rc5 16. Bb3 Bd7 17. Rad1 Ra8 18. f3 Be5 19. Kf2 Kg7 20. g3 g5 21. Ke3 Kf6 22. f4 gxf4+ 23. gxf4 Bxc3 24. bxc3 Be6 25. f5 Bc4 26. Kd4 Bxd3 27. cxd3 Rg8 28. Rd2 Ra5 29. Kc4 b5+ 30. Kb4 Rga8 31. axb5 Rxb5+ 32. Kc4 Ra3 33. Bc2 Rc5+ 34. Kb4 Raxc3 35. Bb3 Rc1 36. d4 Rb5+ 37. Ka3 Ra1+ 38. Kb2 Ra8 39. Kc2 Rab8 40. Rd3 Rxb3 41. Rxb3 Rxb3 42. Kxb3 c5 43. dxc5 dxc5 44. Kc4 Ke5 45.
Kxc5 Kxe4 46. f6 exf6 47. Kd6 f5 48. Ke7 f4 0-1

[Event "Early-Titled-Tuesday-Blitz-March-05-2024"]
[Site "Chess.com"]
[Date "2024.03.05"]
[Round "1"]
[White "Dacean99"]
[Black "Alenzer"]
[Result "1-0"]
[WhiteElo "2556"]
[BlackElo "2175"]
[TimeControl "180+1"]
[EndTime "8:07:34 PST"]
[Termination "Dacean99 won by resignation"]

1. e4 c5 2. c3 e6 3. d4 d5 4.
exd5 exd5 5. Nf3 Nf6 6. Bb5+ Nc6 7. O-O Bd6 8. dxc5 Bxc5 9. Re1+ Be6 10. Be3 Bd6 11. Nd4 O-O 12. Nxc6 bxc6 13. Bxc6 Bxh2+ 14.
Kxh2 Qd6+ 15. Kg1 Qxc6 16. Bd4 Ne4 17. Nd2 Rfe8 18. Re3 f6 19. Nxe4 dxe4 20. Rg3 Bf5 21. Qh5 Bg6 22. Qh4 Rab8 23. b4 a5 24. a3 axb4 25.
axb4 Qc4 26. Qf4 Ra8 27. Re1 Rad8 28. Rge3 Qd5 29. Bc5 Qf5 30. Qxf5 Bxf5 31. Ra1 Rd3 32. Ra7 Rxe3 33. Bxe3 Bg6 34. b5 Bf7 35. b6 Bd5 36. Bf4 g5 37. Bd6 Ra8 38. b7 Bxb7 39. Rxb7 Rc8 40.
Rb8 Rxb8 41. Bxb8 Kf7 42. c4 Ke6 43. c5 Kd5 44. Bd6 f5 45. Kf1 h5 46. Be7 f4 47.
Bxg5 Kxc5 48. Bxf4 Kd5 49. Be3 Ke5 50. Kg1 Kf5 51. Kh2 Kg4 52. Bb6 h4 53. Be3 Kh5 54. Kh3 1-0

[Event "Early-Titled-Tuesday-Blitz-March-05-2024"]
[Site "Chess.com"]
[Date "2024.03.05"]
[Round "1"]
[White "lilleper1"]
[Black "SilverSwords13"]
[Result "1-0"]
[WhiteElo "2904"]
[BlackElo "2487"]
[TimeControl "180+1"]
[EndTime "8:07:36 PST"]
[Termination "lilleper1 won by checkmate"]

1. d4 d5 2. c4 dxc4 3. Nf3 Nf6 4. e3 e6 5. Bxc4 c5 6. O-O a6 7. b3 Nbd7 8. Bb2 Be7 9. Nbd2 O-O 10. dxc5 Bxc5 11.
Qe2 b6 12. Rfd1 Bb7 13. a3 b5 14. Bd3 Be7 15. b4 Rc8 16. Ng5 h6 17. Nge4 Nxe4 18.
Nxe4 Bd5 19. Nc3 Bc4 20. Rac1 Bf6 21. Ne4 Bxb2 22. Qxb2 Bxd3 23. Rxd3 Qe7 24. h3 Nb6 25. Nc5 Nc4 26. Qc3 a5 27. Rcd1 axb4 28. axb4 Rfd8 29. Rd4 e5 30. Rd7 Rxd7 31. Rxd7 Qf6 32. Qd3 Ra8 33. g3 Ra1+ 34. Kg2 Ra8 35. Qd5 Re8 36. Ne4 Qf5 37. g4 Qe6 38. Qxe6 Rxe6 39. Rb7 Na3 40.
Nc5 Rd6 41. Rb8+ Kh7 42. Rb7 Kg6 43. Nd7 Rd1 44. Nxe5+ Kf6 45. Nxf7 Rb1 46. Nd6 Rxb4 47. Ne8+ Kg6 48. Rxg7# 1-0

[Event "Early-Titled-Tuesday-Blitz-March-05-2024"]
[Site "Chess.com"]
[Date "2024.03.05"]
[Round "1"]
[White "Defenstrator"]
[Black "GoltsevDmitry2000"]
[Result "1-0"]
[WhiteElo "2439"]
[BlackElo "2707"]
[TimeControl "180+1"]
[EndTime "8:07:36 PST"]
[Termination "Defenstrator won by checkmate"]

1. g3 d5 2. Bg2 c6 3. e4 dxe4 4. Nc3 Nf6 5. Nxe4 Bf5 6. Nxf6+ exf6 7. Ne2 Nd7 8. O-O Bd6 9. Nd4 Bg6 10. Re1+ Kf8 11. b3 Be5 12. c3 Nc5 13. Ba3 Qd6 14.
Nxc6 bxc6 15. d4 Kg8 16. Bxc5 Qe6 17. dxe5 fxe5 18. Qd6 Qf5 19. Rxe5 Qxe5 20. Qxe5 h6 21. Bd4 f6 22. Qe6+ Kh7 23. Bxc6 Rad8 24. Re1 Rhf8 25.
Be4 f5 26. Qe5 Rd7 27. Bc6 Rdf7 28. Bd5 Rd7 29. Be6 Rb7 30. Bc5 Rf6 31. Qd5 Rc7 32.
Bd4 Rf8 33. h4 f4 34. h5 Bc2 35. g4 f3 36. Bf5+ Bxf5 37. gxf5 Rcf7 38. Re5 a5 39. Qxf3 a4 40. Qg4 Rb8 41. Qg6+ Kg8 42. bxa4 Ra8 43. a5 Raf8 44. Rb5 Ra8 45. f6 Re8 46. Kh2 Ref8 47. Rg5 hxg5 48. h6 g4 49. h7+ Kh8 50.
fxg7+ Rxg7 51. Qxg7# 1-0

[Event "Early-Titled-Tuesday-Blitz-March-05-2024"]
[Site "Chess.com"]
[Date "2024.03.05"]
[Round "1"]
[White "giomar27"]
[Black "manitodeplomo"]
[Result "0-1"]
[WhiteElo "2401"]
[BlackElo "2703"]
[TimeControl "180+1"]
[EndTime "8:07:36 PST"]
[Termination "manitodeplomo won by resignation"]

1. d4 Nf6 2. Nc3 c5 3. d5 d6 4. e4 g6 5. Nf3 Bg7 6. a4 O-O 7. Nd2 Na6 8. Nc4 Nb4 9. Be2 b6 10. O-O Ba6 11. Bf4 Ne8 12. Qd2 Nc7 13. Nd1 e6 14. c3 exd5 15. exd5 Nbxd5 16. Bg3 Re8 17. Re1 Re6 18. Nde3 Nxe3 19. Nxe3 Bxe2 20. Rxe2 Qd7 21.
Rd1 Qxa4 22. c4 Rae8 23. Rde1 Bd4 24. Nc2 Bxb2 25. Rxe6 Rxe6 26. Rxe6 Nxe6 27. Bxd6 Qxc4 28. h3 Bd4 29. Kh2 a5 30. Bg3 a4 31. Na3 Qb3 32.
Nc2 a3 33. Nxd4 cxd4 34. Qh6 a2 35. Be5 a1=Q 36. Qh4 Qe1 37. Qf6 Qxe5+ 38. Qxe5 d3 39. Qb8+ Kg7 40. Qe5+ Kf8 41. Qb8+ Ke7 42. Qb7+ Kd6 43.
Qb8+ Kc5 44. Qe5+ Kc4 45. Qe4+ Kc3 46. Qc6+ Qc4 47. Qf3 Kc2 48. Qe3 0-1

[Event "Early-Titled-Tuesday-Blitz-March-05-2024"]
[Site "Chess.com"]
[Date "2024.03.05"]
[Round "1"]
[White "Chessdreamer2001"]
[Black "viviania"]
[Result "1-0"]
[WhiteElo "2501"]
[BlackElo "2887"]
[TimeControl "180+1"]
[EndTime "8:07:37 PST"]
[Termination "Chessdreamer2001 won on time"]

1. e4 c5 2. Nf3 Nc6 3. Bb5 e6 4.
Bxc6 bxc6 5. O-O Ne7 6. d4 cxd4 7. Nxd4 Ng6 8. c4 Be7 9. Nc3 O-O 10. Be3 c5 11. Nc2 Bb7 12. f4 f5 13. e5 d6 14.
exd6 Bxd6 15. Nb5 Be7 16. Qxd8 Raxd8 17. Rad1 a6 18. Nc7 Kf7 19. b4 Rc8 20. Rd7 Bc6 21. Rxe7+ Nxe7 22. Nxa6 Be4 23. Na3 cxb4 24. Nb5 Ra8 25.
Nxb4 Nc6 26. Nd6+ Kg8 27. Bc5 Rfb8 28. a3 Ra5 29. Nxe4 Nd8 30. Bd6 Rc8 31. Nd2 Rxa3 32. c5 Nc6 33. Nxc6 Rxc6 34. Nc4 Ra4 35. Ne5 Rc8 36.
Rb1 1-0

[Event "Early-Titled-Tuesday-Blitz-March-05-2024"]
[Site "Chess.com"]
[Date "2024.03.05"]
[Round "1"]
[White "only_strong_moves"]
[Black "crosky"]
[Result "0-1"]
[WhiteElo "2571"]
[BlackElo "2271"]
[TimeControl "180+1"]
[EndTime "8:07:38 PST"]
[Termination "crosky won by resignation"]

1. d4 Nf6 2. Nc3 d5 3. Bf4 c5 4.
e4 cxd4 5. Qxd4 Nc6 6. Bb5 dxe4 7. Qxd8+ Kxd8 8. O-O-O+ Bd7 9. Nh3 h6 10. Rhe1 g5 11.
Bg3 Bg7 12. Nxe4 Nxe4 13. Rxe4 f5 14. Re2 f4 15. Red2 Nd4 16. Rxd4 Bxd4 17. Rxd4 fxg3 18. hxg3 Kc7 19. Rxd7+ Kb6 20. Bd3 e5 21. f3 Rad8 22.
Re7 Rhe8 23. Rh7 Rd6 24. Nf2 Rc6 25. Ne4 Rd8 26. a3 Rxd3 27. Re7 Rd5 28. b3 a5 29. c4 Rd3 30. Kc2 Re3 31. c5+ Ka6 32. Rxe5 Re2+ 33. Kd3 Rxg2 34. a4 Rg6 35. Re8 Ka7 36. Nc3 b6 37.
Re7+ Kb8 38. Ne4 bxc5 39. Kc4 Rc2+ 40. Kb5 h5 41. Nxc5 h4 42. gxh4 gxh4 43. f4 h3 44. f5 Rh6 45. Na6+ Kc8 46. Nc5 Rxc5+ 47. Kxc5 h2 48. Ra7 h1=Q 49. Ra8+ Kb7 0-1

[Event "Early-Titled-Tuesday-Blitz-March-05-2024"]
[Site "Chess.com"]
[Date "2024.03.05"]
[Round "1"]
[White "DeArron_Fox"]
[Black "Chessmissile07"]
[Result "0-1"]
[WhiteElo "2484"]
[BlackElo "2901"]
[TimeControl "180+1"]
[EndTime "8:07:40 PST"]
[Termination "Chessmissile07 won on time"]

1. d4 a6 2. e4 d5 3. exd5 Qxd5 4. Nc3 Qd6 5. g3 Nc6 6. Nge2 e5 7. d5 Nce7 8. Bg2 Nf6 9. O-O Ng6 10. Bg5 Be7 11. Bxf6 gxf6 12. Ne4 Qb6 13. c4 f5 14. N4c3 Qxb2 15. c5 Bxc5 16. Na4 Qa3 17. Nxc5 Qxc5 18. Rc1 Qd6 19. Qc2 Kd8 20. Qb2 Re8 21. Rc2 Qb6 22.
Qa3 Bd7 23. Rfc1 Rc8 24. h4 Qd6 25. Qb2 Qb6 26. Qa3 e4 27. h5 Ne5 28. Nf4 Qd6 29.
Qb2 Bb5 30. a4 Bd3 31. Qxb7 Bxc2 32. Rxc2 Ke7 33. Bh3 Nf3+ 34. Kh1 Kf8 35. Bxf5 Rb8 36. Qxc7 Rb1+ 37. Kg2 Rg1+ 38. Kh3 Rh1+ 39. Kg2 Rh2+ 40. Kf1 Qxc7 41. Rxc7 e3 42. fxe3 Rxe3 43. Rc8+ Kg7 0-1

[Event "Early-Titled-Tuesday-Blitz-March-05-2024"]
[Site "Chess.com"]
[Date "2024.03.05"]
[Round "1"]
[White "KhalilMousavi98"]
[Black "Kotofeyca"]
[Result "1-0"]
[WhiteElo "2814"]
[BlackElo "2454"]
[TimeControl "180+1"]
[EndTime "8:07:40 PST"]
[Termination "KhalilMousavi98 won by checkmate"]

1. e4 c5 2. Nf3 d6 3. d4 cxd4 4. Nxd4 Nf6 5. Nc3 a6 6. Bc4 e6 7. Be3 Be7 8. Bb3 O-O 9. g4 d5 10. exd5 Nxd5 11. Nxd5 exd5 12. Qf3 Be6 13. O-O-O Nc6 14.
Nf5 Ne5 15. Qg3 Bf6 16. g5 Bxf5 17. Rxd5 Qc8 18. gxf6 Ng6 19. fxg7 Re8 20. Rhd1 a5 21. Rc5 a4 22. Rxc8 Rexc8 23. Bxf7+ Kxf7 24. Rd2 Kxg7 25. h4 Ra6 26. h5 Rac6 27. hxg6 Rxc2+ 28. Rxc2 Rxc2+ 29. Kd1 hxg6 30. Qe5+ Kh7 31. Qxf5 gxf5 32. Kxc2 Kg6 33. Kc3 Kf7 34. Kb4 Ke6 35. Kxa4 Kd5 36.
Kb5 Ke4 37. Kb6 f4 38. Kxb7 fxe3 39. fxe3 Kxe3 40. a4 Kd4 41. a5 Kc4 42. a6 Kb5 43. a7 Kb4 44. a8=Q Kb3 45. Qa3+ Kc2 46. Qc3+ Kb1 47.
b4 Ka2 48. b5 Kb1 49. b6 Ka2 50. Ka7 Kb1 51. b7 Ka2 52. Qb4 Ka1 53. b8=R Ka2 54. Qa5# 1-0

[Event "Early-Titled-Tuesday-Blitz-March-05-2024"]
[Site "Chess.com"]
[Date "2024.03.05"]
[Round "1"]
[White "atalz0"]
[Black "SirStrateg"]
[Result "0-1"]
[WhiteElo "2377"]
[BlackElo "2679"]
[TimeControl "180+1"]
[EndTime "8:07:40 PST"]
[Termination "SirStrateg won on time"]

1. d4 d6 2. e4 Nf6 3. f3 c6 4.
Be3 Qb6 5. b3 Nbd7 6. a4 e5 7. a5 Qc7 8. Ne2 d5 9. Nd2 dxe4 10.
Nxe4 Nxe4 11. fxe4 Bb4+ 12. c3 Bxa5 13. g3 exd4 14.
Bxd4 Ne5 15. Bg2 O-O 16. O-O Bg4 17. h3 Bxe2 18. Qxe2 Bb6 19. Rf5 Ng6 20. Qf2 Rad8 21. Rf1 Rd7 22. h4 Rfd8 23. Bxb6 Qxb6 24. h5 Qxf2+ 25. R1xf2 Nf8 26. e5 h6 27. b4 Nh7 28.
b5 cxb5 29. e6 fxe6 30. Rxb5 Nf6 31. Bxb7 Rb8 32. Rfb2 Rd3 33. Kg2 Rxc3 34. Bf3 Rxb5 35. Rxb5 Rc7 36. Rb8+ Kf7 37. Ra8 e5 38. g4 e4 39. Be2 Ke6 40. Kf2 Ke5 41. Ke3 Rc3+ 42. Kf2 Kf4 43. Rxa7 e3+ 44. Kg2 Rc2 45. Kf1 Kg3 46.
Bd3 Rf2+ 47. Ke1 Rd2 0-1

[Event "Early-Titled-Tuesday-Blitz-March-05-2024"]
[Site "Chess.com"]
[Date "2024.03.05"]
[Round "1"]
[White "Pasmendjambvirgulptipon98"]
[Black "NikitaShnadrygin"]
[Result "1-0"]
[WhiteElo "2349"]
[BlackElo "2606"]
[TimeControl "180+1"]
[EndTime "8:07:40 PST"]
[Termination "Pasmendjambvirgulptipon98 won by resignation"]

1. Nf3 Nf6 2. g3 g6 3. Bg2 d5 4.
O-O Bg7 5. d4 O-O 6. c4 dxc4 7.
Na3 c3 8. bxc3 c5 9. Rb1 Nc6 10. Nc4 Be6 11. Nce5 Bd5 12. Nxc6 bxc6 13. Ne5 Bxg2 14.
Kxg2 Ne4 15. Qd3 Qd5 16. c4 Qxd4 17. Nxc6 Qxd3 18. Nxe7+ Kh8 19. exd3 Nc3 20. Rb7 Nxa2 21. Be3 Nb4 22. Bxc5 Nxd3 23. Bxa7 Ne5 24. c5 Rfe8 25. Nd5 Rac8 26. f4 Nc4 27. Rxf7 Rcd8 28. Rc1 Re4 29.
Re7 Rxe7 30. Nxe7 Rd2+ 31. Kf3 Nb2 32. c6 Rd3+ 33. Kg4 h5+ 34. Kh3 Rd2 35. c7 Nd3 36.
c8=Q+ Kh7 37. Qg8+ Kh6 38. f5 Nf2+ 39. Kg2 g5 40. Qe6+ 1-0

[Event "Early-Titled-Tuesday-Blitz-March-05-2024"]
[Site "Chess.com"]
[Date "2024.03.05"]
[Round "1"]
[White "Hananmo"]
[Black "wonderfultime"]
[Result "0-1"]
[WhiteElo "2512"]
[BlackElo "3026"]
[TimeControl "180+1"]
[EndTime "8:07:41 PST"]
[Termination "wonderfultime won by resignation"]

1. Nf3 d5 2. c4 c6 3. d4 Nf6 4.
Nc3 a6 5. Bf4 dxc4 6. a4 Bf5 7. e3 e6 8. Bxc4 Be7 9. O-O a5 10.
Qb3 Ra7 11. Rfe1 Ne4 12. Ne5 O-O 13. f3 Nd2 14. Qa2 Nxc4 15. Qxc4 Nd7 16. e4 Nxe5 17. Bxe5 Bg6 18. Rad1 Qb6 19. Kh1 Raa8 20. d5 cxd5 21. exd5 Rac8 22. Qa2 Rfd8 23. Nb5 Bb4 24. Rf1 exd5 25.
Rxd5 Rxd5 26. Qxd5 h6 27. Rd1 Re8 28. Bd4 Qc6 29. Qxc6 bxc6 30. Nc3 Bc2 31. Rc1 Bb3 32. h3 f6 33. Kg1 Rd8 34. Bb6 Rd2 35. Ne4 Rxb2 36.
Rxc6 Bxa4 37. Rc8+ Kh7 38. Ra8 Bc6 39. Ra7 Bxe4 40. fxe4 Re2 41. Bxa5 Bc5+ 0-1

[Event "Early-Titled-Tuesday-Blitz-March-05-2024"]
[Site "Chess.com"]
[Date "2024.03.05"]
[Round "1"]
[White "laziestwin"]
[Black "Bernt42"]
[Result "1-0"]
[WhiteElo "2599"]
[BlackElo "2271"]
[TimeControl "180+1"]
[EndTime "8:07:41 PST"]
[Termination "laziestwin won by resignation"]

1. d4 d5 2. c4 c6 3. Nc3 Nf6 4. Nf3 e6 5. g3 Be7 6. Bg2 Nbd7 7. O-O a6 8. Re1 dxc4 9. Nd2 Nb6 10. e3 O-O 11. a4 Rb8 12. a5 Nbd5 13.
Nxc4 b5 14. axb6 Nxb6 15. Ne5 Bb7 16. Nxc6 Bxc6 17. Bxc6 Qc8 18. Bg2 Nbd5 19. Qd3 Bb4 20. Bd2 a5 21. e4 Ne7 22. Bg5 Rd8 23. Bxf6 gxf6 24. d5 Qc5 25. Rec1 Qa7 26. Qf3 Bxc3 27. bxc3 exd5 28. Qxf6 dxe4 29. Bxe4 Ng6 30. h4 Re8 31.
Re1 Rb6 32. Qd4 Rb7 33. Bxg6 Rxe1+ 34. Rxe1 Qxd4 35. Bxh7+ Kxh7 36. cxd4 Rb2 37. Ra1 Rb5 38. Kg2 Kg6 39. Kf3 Kf5 40. g4+ Ke6 41. Ke4 Kd6 42.
h5 Rg5 43. f3 Rb5 44. f4 Kc6 45. g5 Kb6 46. h6 1-0

[Event "Early-Titled-Tuesday-Blitz-March-05-2024"]
[Site "Chess.com"]
[Date "2024.03.05"]
[Round "1"]
[White "viktorgen2021"]
[Black "MITerryble"]
[Result "0-1"]
[WhiteElo "2515"]
[BlackElo "3030"]
[TimeControl "180+1"]
[EndTime "8:07:42 PST"]
[Termination "MITerryble won on time"]

1. d4 d5 2. c4 dxc4 3. Nf3 Nf6 4. e3 e6 5. Bxc4 a6 6. O-O c5 7. Qe2 b5 8. Bb3 Bb7 9. dxc5 Nbd7 10. Rd1 Bxc5 11.
Nc3 O-O 12. a3 Qc7 13. e4 Ng4 14. Rf1 Rac8 15. h3 Nge5 16. Be3 Nxf3+ 17. Qxf3 Ne5 18. Qe2 Ng6 19. Bxc5 Qxc5 20. Rad1 Bc6 21. Rd2 b4 22. axb4 Qxb4 23. Ba2 a5 24. Rfd1 a4 25. Bb1 a3 26.
Na2 Qa5 27. bxa3 Qxa3 28. Rd3 Qa8 29. Rc3 Rb8 30. Rdc1 Bb7 31. Nb4 Qa5 32. Nc6 Bxc6 33. Rxc6 Qg5 34. Qg4 Qxg4 35. hxg4 Ne5 36. R6c5 Nxg4 37. f3 Nf6 38. Kf2 h6 39. Ke3 Rfd8 40. g4 g5 41. Rc7 Nd7 42. Ba2 Ne5 43. R1c3 Rb2 44. Bb3 Ng6 45. Bc2 Nf4 46. Ra7 Rdb8 47. Rcc7 Rf8 48. Kd4 Kg7 49. Ke5 Ng6+ 50. Kd4 Kf6 51.
Ke3 Ne5 52. Bd1 Rd8 53. Bc2 Rb4 54. Rc3 Rbd4 55. Bb3 Rd3+ 56. Rxd3 Rxd3+ 0-1

[Event "Early-Titled-Tuesday-Blitz-March-05-2024"]
[Site "Chess.com"]
[Date "2024.03.05"]
[Round "1"]
[White "Barmen_EV"]
[Black "Jumbo"]
[Result "0-1"]
[WhiteElo "2491"]
[BlackElo "2926"]
[TimeControl "180+1"]
[EndTime "8:07:43 PST"]
[Termination "Jumbo won by checkmate"]

1. e4 c5 2. c3 Nf6 3. e5 Nd5 4.
d4 e6 5. Nf3 d6 6. Bc4 Nb6 7. Bb3 cxd4 8. cxd4 dxe5 9. Nxe5 N8d7 10. Nf3 Be7 11. O-O O-O 12. Nc3 Nf6 13. Bc2 Bd7 14. Ne5 Rc8 15. Qd3 Bc6 16. Re1 Nbd5 17. Qh3 b5 18. Bg5 b4 19. Nxd5 Bxd5 20. Rac1 g6 21.
Bh6 Re8 22. Ba4 Rf8 23. Bxf8 Bxf8 24. Qh4 Bg7 25. Ng4 Rxc1 26. Rxc1 h5 27. Nxf6+ Bxf6 28. Qf4 Kg7 29. Rc7 g5 30. Qc1 Bxd4 31. h4 gxh4 32.
Bb3 Bxb3 33. axb3 Qf6 34. Rc2 Qg6 35. Qd2 e5 36. Rc1 h3 37. Kf1 Qxg2+ 38. Ke2 h2 39. Rd1 Kg6 40. Qd3+ f5 41. Qa6+ Kg5 42. Qd3 Qxf2# 0-1

[Event "Early-Titled-Tuesday-Blitz-March-05-2024"]
[Site "Chess.com"]
[Date "2024.03.05"]
[Round "1"]
[White "KoningKobe"]
[Black "Evgeny81"]
[Result "0-1"]
[WhiteElo "2434"]
[BlackElo "2763"]
[TimeControl "180+1"]
[EndTime "8:07:43 PST"]
[Termination "Evgeny81 won by resignation"]

1. e4 c5 2. Nf3 Nc6 3. d4 cxd4 4.
Nxd4 Qb6 5. Nb3 Nf6 6. Nc3 d6 7. Be2 g6 8. O-O Bg7 9. Be3 Qc7 10. f4 O-O 11. Bf3 a6 12. a4 Rb8 13. a5 Be6 14.
Nd5 Qc8 15. Ra4 Re8 16. h3 Qd8 17. Qd3 Rc8 18. c4 Bxd5 19. cxd5 Nb8 20. Bb6 Qd7 21.
Rb4 e6 22. dxe6 Rxe6 23. Rd1 Nc6 24. Rc4 Qe8 25. g4 Nd7 26. g5 Nxb6 27. axb6 Qd8 28.
Bg4 Qxb6+ 29. Kg2 Rce8 30. Bxe6 Rxe6 31. Rd2 h6 32. h4 hxg5 33. hxg5 a5 34. Kf3 Qb5 35.
Rd4 Nxd4+ 36. Nxd4 Qxd3+ 37. Rxd3 Re8 38. Nb5 Bxb2 39.
Nxd6 Rd8 40. Ke2 a4 41. Nxb7 Rb8 42. Nc5 a3 43. Rd7 a2 0-1

[Event "Early-Titled-Tuesday-Blitz-March-05-2024"]
[Site "Chess.com"]
[Date "2024.03.05"]
[Round "1"]
[White "IMRosen"]
[Black "aridannie"]
[Result "1/2-1/2"]
[WhiteElo "2666"]
[BlackElo "2404"]
[TimeControl "180+1"]
[EndTime "8:07:43 PST"]
[Termination "Game drawn - insufficient material"]

1. d4 d6 2. e4 Nf6 3. Nc3 e5 4. Nf3 Nbd7 5. Bc4 Be7 6. a4 O-O 7. O-O a6 8. h3 h6 9. Re1 exd4 10. Nxd4 Ne5 11. Bb3 c5 12. Nf3 Nc6 13. Bf4 Be6 14. Bxe6 fxe6 15. e5 dxe5 16. Nxe5 Qxd1 17. Raxd1 Nd4 18.
Ng6 Rfe8 19. Nxe7+ Rxe7 20. Bd6 Ree8 21. Bxc5 Nc6 22. f3 Kf7 23. Kf2 Rad8 24. Bb6 Rxd1 25.
Rxd1 e5 26. Ke3 Re7 27. g4 Ke6 28. Bc5 Rd7 29. Rxd7 Nxd7 30. Ne4 Kd5 31. b3 b5 32. axb5 axb5 33. Ba3 Nd4 34. Nc3+ Kc6 35. Kd3 Nxf3 36. Ne4 Nd4 37. Bb2 Ne6 38. Ke3 Nf4 39. Nf2 Kd5 40. c4+ bxc4 41. bxc4+ Kxc4 42. Bxe5 Ng2+ 43. Ke4 Nxe5 44. Kxe5 g5 45. Kf5 Kd4 46. Kg6 Ke3 47. Nh1 Nf4+ 48. Kxh6 Nxh3 49. Ng3 Nf2 50. Kxg5 Nxg4 1/2-1/2